 Dungeon Crawl Stone Soup version 0.23-a0-899-gbbae0a3 (webtiles) character file.

Game seed: 16645124058198643224

43 Blackhawk the Chucker (level 3, 0/39 HPs)
             Began as an Ogre Hunter on Jan 29, 2019.
             Slain by a giant cockroach (2 damage)
             ... on level 1 of the Dungeon.
             The game lasted 00:02:18 (885 turns).

Blackhawk the Chucker (Ogre Hunter)                  Turns: 885, Time: 00:02:19

Health: 0/39       AC:  4    Str: 17    XL:     3   Next: 58%
Magic:  3/3        EV: 10    Int: 12    God:
Gold:   22         SH:  0    Dex:  9    Spells: 2/2 levels left

rFire    . . .     SeeInvis .   i - +1 club
rCold    . . .     Gourm    .   (no shield)
rNeg     . . .     Faith    .   b - +1 robe
rPois    .         Spirit   .   (helmet restricted)
rElec    .         Reflect  .   (no cloak)
rCorr    .         Harm     .   (gloves unavailable)
MR       .....     Rnd*Tele +   (boots unavailable)
Stlth    +.........             (no amulet)
HPRegen  0.13/turn              l - ring of teleportation (curse)
MPRegen  0.08/turn              (no ring)

@: no status effects
A: large, unfitting armour, tough skin 1
a: no special abilities


You were on level 1 of the Dungeon.
You were not hungry.

You visited 1 branch of the dungeon, and saw 1 of its levels.

You collected 22 gold pieces.

Inventory:

Hand Weapons
 a - a +0 short sword
 i - a +1 club (weapon)
Missiles
 c - 5 large rocks (quivered)
 d - 2 throwing nets
 j - 5 stones
Armour
 b - a +1 robe (worn)
Jewellery
 l - a cursed ring of teleportation (left hand)
Potions
 k - 2 potions of agility
Comestibles
 f - 2 rations


   Skills:
 + Level 3.7 Fighting
 + Level 1.3 Maces & Flails
 - Level 4.0 Throwing
 + Level 2.4 Dodging
 - Level 0.6 Stealth


You had 2 spell levels left.
You didn't know any spells.
Your spell library was empty.

Dungeon Overview and Level Annotations

Branches:
Dungeon (1/15)

Altars:

Annotations:
D:1 1 runed translucent door


Innate Abilities, Weirdness & Mutations

You are too large for most types of armour.
You have tough skin. (AC +1)


Message History

The ooze closely misses you. The giant cockroach barely misses you.
The giant cockroach misses you. The ooze hits you.
* * * LOW HITPOINT WARNING * * *
You barely miss the ooze.
The ooze is severely wounded.
You feel a little less agile now. The giant cockroach bites you.
* * * LOW HITPOINT WARNING * * *
The giant cockroach bites you but does no damage.
The ooze closely misses you. The giant cockroach barely misses you.
You hit the ooze but do no damage.
The ooze is severely wounded.
The giant cockroach barely misses you.
The giant cockroach bites you but does no damage.
The ooze hits you but does no damage.
The giant cockroach bites you but does no damage.
You hit the ooze.
You kill the ooze!
The giant cockroach bites you.
You die...

#.#......# #########.##
#####.######.## #..........#
..............# #.########.#
..............########.########.#
...................÷............#
############...###############..#
#...#r....... #..# #...#†s......
#..# ## #...#@sr..... #..#
.###########...#######+#######..#
...............#.............#..#
.############..+⌠....###....⌠+..#
............#..#......<.....(#..#
#.#########.#..#..⌠...>...⌠..#..#
#.#..# #...#..###+#######+###...
#.#..# #.###....................
#.#..# #.# #................###.


You could see 2 giant cockroaches and 2 rats.

Vanquished Creatures
  4 oozes (D:1)
  A dart slug (D:1)
  3 bats (D:1)
  A giant cockroach (D:1)
  A goblin (D:1)
  2 hobgoblins (D:1)
  3 jackals (D:1)
  5 kobolds (D:1)
  2 frilled lizards (D:1)
  2 rats (D:1)
24 creatures vanquished.

Notes
Turn   | Place    | Note
-------+----------+-------------------------------------------
     0 | D:1      | Blackhawk the Ogre Hunter began the quest for the Orb.
     0 | D:1      | Reached XP level 1. HP: 22/22 MP: 1/1
     1 | D:1      | Found a runed translucent door.
   436 | D:1      | Reached XP level 2. HP: 25/31 MP: 2/2
   850 | D:1      | Reached skill level 1 in Maces & Flails
   865 | D:1      | Reached XP level 3. HP: 10/37 MP: 3/3
   885 | D:1      | Slain by a giant cockroach

Vault maps used:
D:1:      dpeg_arrival_caged_fury

Skill      XL: |  1  2 |
---------------+-------+-----
Dodging        | 2 |  2.4
Fighting       | 3 |  3.7
Maces & Flails | 1 |  1.3
Throwing       | |  4.0
Stealth        | |  0.6

Action                   || total
-------------------------++-------
Melee: Club              ||   105
       Short sword       ||     3
  Use: Scroll            ||     2
       Potion            ||     1
Armor: Robe              ||    77
Dodge: Dodged            ||   184

Table legend:
 A = Non-vault XP
 B = Vault XP
 C = Vault XP percentage of total XP
 D = Non-vault monster count
 E = Vault monster count
 F = Vault count percentage of total count
                 A         B        C        D         E       F
            +---------+---------+-------+---------+---------+-------
      Total |      26 |      36 |  58.1 |      15 |       9 |  37.5
            +---------+---------+-------+---------+---------+-------
        D:1 |      26 |      36 |  58.1 |      15 |       9 |  37.5
            +---------+---------+-------+---------+---------+-------
